 Dungeon Crawl Stone Soup version 0.30.0-15-g856e2d3f33 (webtiles) character file.

Game seed: 1220373126189230722

2660 Daunt the Fighter (level 9, 64/75 HPs)
             Began as a Demonspawn Summoner on May 19, 2023.
             Quit the game on level 7 of the Dungeon.
             The game lasted 00:33:10 (6136 turns).

Daunt the Fighter (Demonspawn Summoner)             Turns: 6136, Time: 00:33:11

Health: 64/75      AC:  9    Str:  9    XL:     9   Next: 36%
Magic:  8/15       EV: 17    Int: 20    God:
Gold:   327        SH:  4    Dex: 14    Spells: 5/16 levels left

rFire   . . .        B - +2 long sword (heavy)
rCold   . . .        (no shield)
rNeg    . . .        i - +3 leather armour
rPois   .            (helmet restricted)
rElec   .            D - +2 cloak {Will+}
rCorr   .            (no gloves)
SInv    .            (no boots)
Will    +....        (no amulet)
Stlth   ++           d - +5 ring of evasion
HPRegen 0.32/turn    M - ring of flight
MPRegen 0.14/turn

%: no passive effects
@: flying
A: hooves 1, horns 1, spiny 2, condensation shield, demonic touch 1
a: no special abilities


You were on level 7 of the Dungeon.
You visited 2 branches of the dungeon, and saw 8 of its levels.

You collected 429 gold pieces.
You spent 102 gold pieces at shops.

Inventory:

Hand Weapons
 f - a +0 short sword
 B - a +2 heavy long sword (weapon)
Missiles
 e - 49 stones
 p - 4 javelins
 u - 4 poisoned darts
 K - 3 boomerangs
Armour
 a - a +0 robe
 i - a +3 leather armour (worn)
 m - the +4 chain mail of Lust {Will+ Str+4}
   (You found it on level 2 of the Dungeon)

   Str:       It affects your strength (+4).
   Will:      It increases your willpower.
 z - the +1 robe "Ohor Gei" {rPois}
   (You bought it in a shop on level 2 of the Dungeon)

   rPois:     It protects you from poison.
 D - a +2 cloak of willpower (worn)
 E - the +0 robe "Ureoddi" {Drain Int+3 Dex+2}
   (You found it on level 5 of the Dungeon)

   Int:       It affects your intelligence (+3).
   Dex:       It affects your dexterity (+2).
   Drain:     It drains your maximum health when unequipped.
 L - the +6 plate armour "Quuledd" {Str+4 Int+2}
   (You found it on level 6 of the Dungeon)

   Str:       It affects your strength (+4).
   Int:       It affects your intelligence (+2).
Jewellery
 d - a +5 ring of evasion (left hand)
 M - a ring of flight (right hand)
Wands
 y - a wand of acid (5)
Scrolls
 c - 2 scrolls of enchant weapon {unknown}
 g - 2 scrolls of immolation {unknown}
 h - 5 scrolls of teleportation {unknown}
 j - a scroll of enchant armour {unknown}
 k - 6 scrolls of identify {unknown}
 s - 2 scrolls of blinking {unknown}
 t - 3 scrolls of vulnerability {unknown}
 w - 2 scrolls of brand weapon {unknown}
 A - a scroll of fear {unknown}
 H - a scroll of amnesia {unknown}
 I - a scroll of poison {unknown}
 J - a scroll of noise {unknown}
Potions
 b - 3 potions of magic
 l - a potion of degeneration {unknown}
 n - 2 potions of might {unknown}
 o - 3 potions of mutation {unknown}
 q - a potion of brilliance {unknown}
 r - a potion of flight {unknown}
 v - 2 potions of curing {unknown}
 x - a potion of resistance {unknown}
 C - a potion of ambrosia {unknown}
 F - a potion of invisibility {unknown}
 G - a potion of berserk rage {unknown}


   Skills:
 + Level 8.3 Fighting
 - Level 2.0 Armour
 - Level 3.0 Dodging
 - Level 4.0 Stealth
 - Level 4.0 Spellcasting
 - Level 3.0 Hexes
 - Level 6.0 Summonings
 - Level 4.0 Translocations


You had 5 spell levels left.
You knew the following spells:

 Your Spells              Type           Power      Damage    Failure   Level
a - Summon Small Mammal   Summ           100%       N/A       1%          1
b - Blink                 Tloc           40%        N/A       4%          2
c - Call Canine Familiar  Summ           28%        N/A       4%          3
g - Summon Guardian Gole  Hex/Summ       22%        N/A       9%          3
i - Call Imp              Summ           56%        N/A       2%          2

Your spell library contained the following spells:

 Spells                   Type           Power      Damage    Failure   Level
 Confusing Touch          Hex            16%        N/A       16%         3
 Kiss of Death            Conj/Necr      16%        2d6       17%         1
 Vhi's Electric Charge    Tloc/Air       24%        N/A       22%         3
 Volatile Blastmotes      Fire/Tloc      24%        2d12      22%         3
 Manifold Assault         Tloc           20%        N/A       32%         4
 Passage of Golubria      Tloc           20%        N/A       32%         4
 Ozocubu's Armour         Ice            4%         N/A       45%         3
 Summon Lightning Spire   Summ/Air       16%        N/A       45%         4
 Iskenderun's Mystic Bla  Conj/Tloc      12%        2d5       58%         4
 Fulminant Prism          Conj/Hex       5%         3d7       67%         4
 Dispel Undead            Necr           4%         3d7       86%         4
 Silence                  Hex/Air        5%         N/A       95%         5
 Arcjolt                  Conj/Air       2%         1d12      99%         5
 Lee's Rapid Deconstruct  Erth           2%         3d4*      99%         5
 Ozocubu's Refrigeration  Ice            2%         4d7       100%        7
 Storm Form               Tmut/Air       2%         N/A       100%        7
 Lehudib's Crystal Spear  Conj/Erth      2%         10d2      100%        8
 Maxwell's Capacitive Co  Air            2%         ∞         100%        8


Dungeon Overview and Level Annotations

Branches:
Dungeon (7/15)             Temple (1/1) D:4

Altars:
Dithmenos
Gozag
Hepliaklqana
Trog
Uskayaw
Vehumet
Wu Jian
Xom
Yredelemnul

Shops:
D:2 [   D:5 (

Annotations:
D:1 dig
D:4 exclusion: water moccasin
D:7 2 transporters, bungle's ghost, novice GnEE


Innate Abilities, Weirdness & Mutations

You have large cloven feet.
You have a pair of small horns on your head.
You are mostly covered in sharp spines.
A meltable shield of frost defends you. (SH +4)
Your touch may inflict minor irresistible damage on your foes.


Message History

Unknown command.
Unknown command.
Casting: Summon Guardian Golem (dangerous; 9% risk of failure)
Confirm with . or Enter, or press ? or * to list all spells.
A guardian golem appears, shielding your allies.
Joseph shoots a sling bullet.
The sling bullet hits you!
Unknown command.
Something hits your guardian golem but does no damage.
Joseph unwields a +0 quarterstaff.
Joseph wields a +0 sling.
Joseph shoots a sling bullet.
The sling bullet hits your guardian golem!
Joseph shoots a sling bullet.
The sling bullet barely misses your guardian golem.
You block the sling bullet.
Joseph shoots a sling bullet.
The sling bullet hits your guardian golem!
Your guardian golem overheats!
Joseph unwields a +0 sling.
Joseph wields a +0 quarterstaff.
Joseph hits your guardian golem with a +0 quarterstaff!
Your guardian golem disappears in a puff of smoke!
Your guardian golem explodes!
The fiery explosion engulfs Joseph!!!
Unknown command.
Unknown command.
Casting: Summon Guardian Golem (dangerous; 9% risk of failure)
Confirm with . or Enter, or press ? or * to list all spells.
A guardian golem appears, shielding your allies.
Joseph is engulfed in blazing flames.
Joseph unwields a +0 quarterstaff.
Joseph wields a +0 sling.
Joseph shoots a sling bullet.
The sling bullet hits your guardian golem.
Your magical contamination has completely faded away.
Joseph is engulfed in blazing flames.
Joseph shoots a sling bullet.
The sling bullet hits your guardian golem!
Joseph is engulfed in blazing flames.
Joseph dies!
Your Fighting skill increases to level 8!
Unknown command.
Unknown command.
Unknown command.
Are you sure you want to abandon this character and quit the game? (Confirm with "yes".)

..##.©.##..#.###.#######.
...#####..##....## ####.
#........##.#.## #...)
#......#....#.# #.##.
#.######.####.# #.##. #
##.# #.# #.##.
#.#####..####.# #.##.
##§§...........# #.###
#§.§.9..@...##.### #.###
...§§§.###.##......#
#.... ###...#
#.##......####.... ##.#
#.##.......>......
##.#####.##...... #######
#.###........##...<.. #
#............##.##.#
##### ##.# #.... ##.#.#
#.##.##r######.###


You could see a friendly guardian golem (summoned).

Vanquished Creatures
  A wyvern (D:7)
  A water moccasin (D:7)
  A black bear (D:7)
  An ice beast (D:5)
  A sky beast (D:7)
  A scorpion (D:4)
  A hound (D:5)
  2 orc priests
  A gnoll bouda (D:5)
  4 iguanas
  An orc wizard (D:5)
  A sleepcap (D:4)
  3 hound zombies (D:3)
  A gnoll (D:5)
  6 adders
  A shadow imp (D:7)
  A worm (D:2)
  A dart slug (D:1)
  8 orcs
  4 endoplasms
  4 giant cockroaches
  7 goblins
  5 hobgoblins
  A jackal (D:2)
  2 kobolds
  4 quokkas
  2 ball pythons
  2 bats
  4 frilled lizards
  2 rats
74 creatures vanquished.

Vanquished Creatures (collateral kills)
  A black bear (D:5)
  2 scorpions
  A hound (D:5)
  2 gnolls (D:5)
  4 adders
  2 worms (D:2)
  2 dart slugs (D:1)
  2 orcs (D:6)
  A ball python (D:2)
  A bat (D:1)
  An endoplasm (D:4)
  3 goblins
  A jackal (D:2)
  A frilled lizard (D:1)
  2 kobolds (D:1)
  2 rats (D:1)
28 creatures vanquished.

Vanquished Creatures (others)
  The ghost of superbruh the Trooper, a novice DsGl of Qazlal (D:6)
  Joseph (D:7)
  A steam dragon (D:7)
  2 orc warriors (D:6)
  An ogre (D:6)
  A hound (D:6)
  An orc priest (D:6)
8 creatures vanquished.

Grand Total: 110 creatures vanquished

Notes
Turn   | Place    | Note
-------+----------+-------------------------------------------
     0 | D:1      | Daunt the Demonspawn Summoner began the quest for the Orb.
     0 | D:1      | Reached XP level 1. HP: 13/13 MP: 3/3
   226 | D:1      | Reached skill level 1 in Fighting
   296 | D:1      | Discovered your monstrous ancestry.
   296 | D:1      | Gained mutation: You have large cloven feet. [demonic
                  | ancestry]
   296 | D:1      | Reached XP level 2. HP: 21/21 MP: 0/5
   685 | D:2      | Learned a level 2 spell: Call Imp
   828 | D:2      | Identified the +4 chain mail of Lust {Will+ Str+4}
  1009 | D:2      | Gained mutation: Your touch may inflict minor irresistible
                  | damage on your foes. [demonic ancestry]
  1009 | D:2      | Reached XP level 3. HP: 23/27 MP: 6/6
  1116 | D:2      | Reached skill level 2 in Fighting
  1453 | D:2      | Found a faded altar of an unknown god.
  1491 | D:2      | Found Yklimock's Antique Armour Shop.
  1675 | D:2      | Learned a level 3 spell: Call Canine Familiar
  1769 | D:3      | Gained mutation: You are partially covered in sharp spines.
                  | [demonic ancestry]
  1769 | D:3      | Reached XP level 4. HP: 34/34 MP: 4/7
  2094 | D:3      | Reached skill level 3 in Fighting
  2168 | D:2      | Bought a slimy robe for 102 gold pieces
  2168 | D:2      | Identified the +1 robe "Ohor Gei" {rPois} (You bought it in
                  | a shop on level 2 of the Dungeon)
  2295 | D:3      | Found a basalt altar of Yredelemnul.
  2576 | D:3      | Gained mutation: You have a pair of small horns on your
                  | head. [demonic ancestry]
  2576 | D:3      | Reached XP level 5. HP: 41/41 MP: 4/8
  2719 | D:4      | Found a staircase to the Ecumenical Temple.
  2730 | Temple   | Entered the Ecumenical Temple
  2958 | D:4      | Reached skill level 5 in Summonings
  3062 | D:4      | Found a shadowy altar of Dithmenos.
  3196 | D:4      | Gained mutation: You are mostly covered in sharp spines.
                  | [demonic ancestry]
  3196 | D:4      | Reached XP level 6. HP: 47/47 MP: 1/9
  3270 | D:4      | Noticed a water moccasin
  3446 | D:4      | Learned a level 2 spell: Blink
  3583 | D:5      | Entered Level 5 of the Dungeon
  3595 | D:5      | Reached skill level 1 in Translocations
  3698 | D:5      | Identified the +0 robe "Ureoddi" {Drain Int+3 Dex+2}
  3975 | D:5      | Reached XP level 7. HP: 46/52 MP: 7/11
  4107 | D:5      | Found Podob's Weapon Boutique.
  4557 | D:5      | Reached skill level 1 in Hexes
  4602 | D:5      | Learned a level 3 spell: Summon Guardian Golem
  5281 | D:6      | Found a runed translucent gate.
  5281 | D:6      | Found a runed translucent gate.
  5281 | D:6      | Found a runed translucent gate.
  5283 | D:6      | Noticed superbruh's ghost (novice DsGl)
  5285 | D:6      | Identified the +6 plate armour "Quuledd" {Str+4 Int+2}
  5360 | D:6      | Reached XP level 8. HP: 58/58 MP: 10/12
  5463 | D:6      | Reached skill level 1 in Armour
  5470 | D:6      | Killed superbruh's ghost
  5471 | D:6      | Reached skill level 5 in Fighting
  5618 | D:6      | Identified the +0 helmet of Xaijuvorr {rF+}
  5684 | D:7      | Reached skill level 6 in Fighting
  5714 | D:7      | Found an opulent altar of Gozag.
  5764 | D:7      | Noticed Joseph
  5843 | D:7      | Gained mutation: A meltable shield of frost defends you.
                  | (SH +4) [demonic ancestry]
  5843 | D:7      | Reached XP level 9. HP: 62/71 MP: 5/15
  5844 | D:7      | Reached skill level 7 in Fighting
  6085 | D:7      | Found a transporter.
  6104 | D:7      | Noticed bungle's ghost (novice GnEE)
  6107 | D:7      | Found a transporter.
  6135 | D:7      | Killed Joseph
  6136 | D:7      | Reached skill level 8 in Fighting
  6136 | D:7      | Quit the game

Illustrated notes

Levels and vault maps discovered:
D:1:      matt_arrival_diagonals, layout_basic, due_unseen_surprise
D:2:      layout_loops_corners, basic_ecumenical_altar, serial_shops, shop
D:3:      layout_loops_corners, nicolae_yredelemnul_corpse_copse
D:4:      minmay_wonky_spiral, layout_basic, nicolae_dithmenos_shadow_blocks,
          minmay_temple_entry_butterflies
D:5:      layout_basic, serial_shops, shop
D:6:      layout_rooms, biasface_ghost_orc_armoury
D:7:      layout_loops_ring, grunt_gozag_breadcrumbs, nzn_ghost_randoct,
          uniq_joseph
Temple:   chequers_temple_sunken

Skill      XL: |  1  2  3  4  5  6  7  8  9 |
---------------+----------------------------+-----
Stealth        | 2 3 4 |  4.0
Fighting       | 1 2 3 6 8 |  8.3
Summonings     | 6 |  6.0
Translocations | 1 4 |  4.0
Spellcasting   | 3 4 |  4.0
Hexes          | 3 |  3.0
Dodging        | 2 3 |  3.0
Armour         | 2 |  2.0

Action                     |  1- 3 |  4- 6 |  7- 9 || total
---------------------------+-------+-------+-------++-------
  Melee: Short sword       |    77 |    15 |       ||    92
         Unarmed           |     1 |       |       ||     1
         Kick              |    19 |     9 |     5 ||    33
         Touch             |     8 |     7 |     1 ||    16
         Long sword        |       |    25 |    27 ||    52
         Headbutt          |       |     8 |     5 ||    13
   Cast: Summon Small Mamm |    38 |    34 |    46 ||   118
         Call Imp          |       |     8 |     5 ||    13
         Call Canine Famil |       |     7 |    14 ||    21
         Summon Guardian G |       |       |     8 ||     8
   Stab: Sleeping          |     5 |     4 |       ||     9
         Distracted        |       |     1 |     1 ||     2
 Armour: Robe              |     3 |       |       ||     3
         Leather armour    |    21 |    14 |     8 ||    43
  Dodge: Dodged            |    60 |    41 |    27 ||   128
  Block: Other             |       |       |     1 ||     1
